 Dungeon Crawl Stone Soup version 0.27-a0-417-g317cea8a3c (webtiles) character file.

Game seed: 5823411843172986670

39 hellse the Skirmisher (level 3, 0/39 HPs)
             Began as an Ogre Hunter on Feb 25, 2021.
             Slain by an iguana (12 damage)
             ... on level 2 of the Dungeon.
             The game lasted 00:01:56 (2262 turns).

hellse the Skirmisher (Ogre Hunter)                 Turns: 2262, Time: 00:01:57

Health: 0/39       AC:  4    Str: 17    XL:     3   Next: 47%
Magic:  12/12      EV: 10    Int: 12    God:
Gold:   48         SH:  0    Dex:  9    Spells: 2/2 levels left

rFire    . . .     SeeInvis .   j - +0 club
rCold    . . .     Faith    .   (no shield)
rNeg     . . .     Spirit   .   b - +0 robe
rPois    .         Reflect  .   (helmet restricted)
rElec    .         Harm     .   h - +0 cloak
rCorr    .         Rampage  .   (gloves unavailable)
Will     .....                  (boots unavailable)
Stlth    +.........             (no amulet)
HPRegen  0.13/turn              f - ring of magical power
MPRegen  0.13/turn              (no ring)

@: no status effects
A: large, unfitting armour, tough skin 1
a: no special abilities


You were on level 2 of the Dungeon.
You visited 1 branch of the dungeon, and saw 2 of its levels.

You collected 48 gold pieces.

Inventory:

Hand Weapons
 a - a +0 short sword
 j - a +0 club (weapon)
Missiles
 c - 5 large rocks (quivered)
 d - 2 throwing nets
Armour
 b - a +0 robe (worn)
 h - a +0 cloak (worn)
Jewellery
 f - a ring of magical power (left hand)
Wands
 l - a wand of polymorph (9)
Scrolls
 e - a scroll of enchant armour {unknown}
 g - 3 scrolls of identify {unknown}
 m - a scroll of teleportation {unknown}
Potions
 i - a potion of degeneration {unknown}
 k - a potion of lignification {unknown}


   Skills:
 - Level 4.2 Fighting
 + Level 1.5 Maces & Flails
 - Level 4.0 Throwing
 - Level 1.7 Dodging
 - Level 0.6 Stealth


You had 2 spell levels left.
You didn't know any spells.
Your spell library was empty.

Dungeon Overview and Level Annotations

Branches:
Dungeon (2/15)

Altars:


Innate Abilities, Weirdness & Mutations

You are too large for most types of armour.
You have tough skin. (AC +1)


Message History

What are your orders? t - Shout!
Orders for allies: a - Attack new target. r - Retreat! s - Stop attacking. g - Guard the area. f - Follow me.
Anything else - Cancel.
You shout for attention!
The centaur shouts!
The centaur drinks a potion.
The centaur seems to speed up.
The centaur unwields a +0 club.
The centaur wields a +0 shortbow.
The centaur shoots an arrow.
The arrow hits you!
Aiming: Polymorph
Press: ? - help, Shift-Dir - straight line, f - centaur
Aim: a centaur, wielding a +0 shortbow and quivering arrows (fast, will become an iguana, a sky beast, or a swamp drake, chance to affect: 46%)
The centaur evaporates and reforms as an iguana!
You hit the iguana.
The iguana is lightly wounded.
The iguana bites you!
You closely miss the iguana.
The iguana is lightly wounded.
The iguana barely misses you.
You hit the iguana.
The iguana is heavily wounded.
The iguana bites you!
* * * LOW HITPOINT WARNING * * *
You hit the iguana but do no damage.
The iguana is heavily wounded.
The iguana barely misses you. x2
You hit the iguana but do no damage.
The iguana is heavily wounded.
The iguana misses you.
You hit the iguana but do no damage.
The iguana is heavily wounded.
The iguana bites you but does no damage.
You closely miss the iguana.
The iguana is heavily wounded.
The iguana misses you.
You barely miss the iguana.
The iguana is heavily wounded.
The iguana bites you!
You die...

....#.######..##.........#
..###.##....#.##.........#
### #†##....#.##.........#
# ###..#)...#.#..........#
##..........#............#
...>##......##..#.......##
............#..).#.....##
......>.......##l#######
........c.....##@#
..............##.##
..............##..#
.............. ##.#
.............# #.#
..<.........# #.## ....(..
#..# #.##### ##.# .# #.#


You could see an iguana.

Vanquished Creatures
  A dart slug (D:1)
  3 leopard geckos (D:1)
  An orc (D:2)
  2 giant cockroaches
  5 hobgoblins
  4 jackals (D:1)
  A quokka (D:1)
  A ball python (D:1)
  A bat (D:1)
  2 frilled lizards (D:1)
  4 goblins
  2 kobolds (D:1)
  5 rats
32 creatures vanquished.

Notes
Turn   | Place    | Note
-------+----------+-------------------------------------------
     0 | D:1      | hellse the Ogre Hunter began the quest for the Orb.
     0 | D:1      | Reached XP level 1. HP: 22/22 MP: 1/1
   317 | D:1      | Reached XP level 2. HP: 28/32 MP: 2/2
  1143 | D:1      | Reached XP level 3. HP: 9/39 MP: 3/3
  1384 | D:1      | Reached skill level 1 in Maces & Flails
  1544 | D:2      | Noticed a centaur
  2254 | D:2      | a centaur changed into an iguana
  2262 | D:2      | Slain by an iguana

Illustrated notes

Levels and vault maps discovered:
D:1:      onia_arrival_mini_spirals, layout_basic, amethyst_killhole
D:2:      layout_rooms, makhleb_grotto_becter, uniq_jessica, uniq_natasha

Skill      XL: |  1  2  3 |
---------------+----------+-----
Fighting       | 3 4 |  4.2
Maces & Flails | 1 |  1.5
Throwing       | |  4.0
Dodging        | |  1.7
Stealth        | |  0.6

Action                   || total
-------------------------++-------
Melee: Short sword       ||    62
       Club              ||   126
Evoke: Wand              ||     1
 Stab: Sleeping          ||     1
Armor: Robe              ||    71
Dodge: Dodged            ||   155

Table legend: (Time is in decaauts)
 A = Elapsed time spent in this place.
 B = Non-inter-level travel time spent in this place.
 C = Inter-level travel time spent in this place.
 D = Time resting spent in this place.
 E = Time spent auto-exploring this place.
 F = Levels seen in this place.
 G = Mean time per level.
                   A        B        C        D        E       F      G
               +--------+--------+--------+--------+--------+-----+--------+
         Total |   2300 |   2200 |    100 |    781 |   1043 |   2 | 1150.0 |
       Dungeon |   2300 |   2200 |    100 |    781 |   1043 |   2 | 1150.0 |
               +--------+--------+--------+--------+--------+-----+--------+

Top non-repeatable levels by time:
     D:1: 1729 daAuts
     D:2: 570 daAuts
